 Dungeon Crawl Stone Soup version 0.23-a0-143-g1adec7b (webtiles) character file.

46 Bargorn the Grave Robber (level 3, -6/24 HPs)
             Began as a Human Necromancer on Sept 3, 2018.
             Mangled by Crazy Yiuf
             ... wielding a +4 quarterstaff of chaos
              (13 damage)
             ... on level 2 of the Dungeon.
             The game lasted 00:05:46 (1471 turns).

Bargorn the Grave Robber (Human Necromancer)        Turns: 1471, Time: 00:05:46

Health: -6/24      AC:  2    Str:  8    XL:     3   Next: 95%
Magic:  1/6        EV: 13    Int: 16    God:
Gold:   59         SH:  0    Dex: 13    Spells: 4/6 levels left

rFire    . . .     SeeInvis .   d - +0 short sword
rCold    . . .     Gourm    .   (no shield)
rNeg     . . .     Faith    .   a - +0 robe
rPois    .         Spirit   .   (no helmet)
rElec    .         Reflect  .   (no cloak)
rCorr    .         Harm     .   (no gloves)
MR       .....                  (no boots)
Stlth    ++........             e - amulet of regeneration
HPRegen  0.48/turn              (no ring)
MPRegen  0.10/turn              (no ring)

@: slowed, very slow
A: no striking features
a: no special abilities


You were on level 2 of the Dungeon.
You were hungry.

You visited 1 branch of the dungeon, and saw 2 of its levels.

You collected 59 gold pieces.

Inventory:

Hand Weapons
 d - a +0 short sword (weapon)
Armour
 a - a +0 robe (worn)
 b - a +0 cloak
Jewellery
 e - an amulet of regeneration (around neck)
Scrolls
 g - 2 scrolls of enchant armour {unknown}
 j - a scroll of blinking {unknown}
 m - a scroll of identify {unknown}
Potions
 f - 2 potions of berserk rage {unknown}
 h - 2 potions of degeneration {unknown}
 i - a potion of heal wounds {unknown}
 k - a potion of flight {unknown}
 n - a potion of haste {unknown}
Comestibles
 c - 6 rations
 l - 2 chunks of flesh


   Skills:
 + Level 2.4 Dodging
 + Level 2.4 Stealth
 + Level 2.4 Spellcasting
 * Level 4.5 Necromancy


You had 4 spell levels left.
You knew the following spells:

 Your Spells              Type           Power        Failure   Level  Hunger
a - Pain                  Necr           ###.         3%          1    #......
b - Animate Skeleton      Necr           N/A          3%          1    #......

Your spell library contained the following spells:

 Spells                   Type           Power        Failure   Level  Hunger
 Vampiric Draining        Necr           ###.......   10%         3    ###....
 Regeneration             Chrm/Necr      #.........   24%         3    ###....
 Animate Dead             Necr           N/A          30%         4    #####..


Dungeon Overview and Level Annotations

Branches:
Dungeon (2/15)

Altars:

Annotations:
D:2 Crazy Yiuf


Message History

Casting: Pain (safe; 3% risk of failure)
Confirm with . or Enter, or press ? or * to list all spells.
Aiming: Pain (safe; 3% risk of failure)
Press: ? - help, Shift-Dir - straight line, f/p - Crazy Yiuf
Aim: Crazy Yiuf, wielding a quarterstaff of chaos and wearing a cloak (heavily Crazy Yiuf writhes in agony!
Crazy Yiuf hits you with a quarterstaff of chaos.
Casting: Pain (safe; 3% risk of failure)
Confirm with . or Enter, or press ? or * to list all spells.
Aiming: Pain (safe; 3% risk of failure)
Press: ? - help, Shift-Dir - straight line, f/p - Crazy Yiuf
Aim: Crazy Yiuf, wielding a quarterstaff of chaos and wearing a cloak (severely Crazy Yiuf writhes in agony!
You are feeling hungry.
Crazy Yiuf hits you with a quarterstaff of chaos!
* * * LOW HITPOINT WARNING * * *
You feel yourself slow down.
Crazy Yiuf hits you with a quarterstaff of chaos!
Ouch! That really hurt!
You die...

#... #.##.#...
#...#####'#..#...
#......#.......#
......#.....###
#...#.....####
#...#<....'... #
#...'.....#...
#.#...#...######
#.'......@g.# ###
###....###..#######
#.# #.###.#
#......#.### ### #.#
#. #.#
#....P..#..##...# #..
..
##.###.....P####)'...#
#.# ## #....#....P##
###..)# #.#
#..#.##.#### ### #.#
#..#.##.# #.# #..#
...#


You could see Crazy Yiuf.

Vanquished Creatures
  An ooze (D:1)
  A worm (D:2)
  A dart slug (D:1)
  3 ball pythons
  4 giant cockroaches
  5 goblins
  3 hobgoblins (D:1)
  A kobold (D:1)
  A quokka (D:2)
  4 frilled lizards
24 creatures vanquished.

Vanquished Creatures (collateral kills)
  A gnoll (D:1)
  A goblin (D:1)
  A rat (D:1)
3 creatures vanquished.

Grand Total: 27 creatures vanquished

Notes
Turn   | Place    | Note
-------+----------+-------------------------------------------
     0 | D:1      | Bargorn the Human Necromancer began the quest for the Orb.
     0 | D:1      | Reached XP level 1. HP: 13/13 MP: 3/3
   345 | D:1      | Reached XP level 2. HP: 18/19 MP: 1/5
   531 | D:1      | Learned a level 1 spell: Animate Skeleton
   661 | D:1      | Reached XP level 3. HP: 23/24 MP: 4/6
  1436 | D:2      | Found a runed door.
  1440 | D:2      | Noticed Crazy Yiuf
  1471 | D:2      | Mangled by Crazy Yiuf

Vault maps used:
D:1:      minmay_arrival_stone_box
D:2:      minmay_misc_feat_five, uniq_crazy_yiuf_cottage

Action                   || total
-------------------------++-------
Melee: Unarmed           ||     2
       Short sword       ||    20
 Cast: Pain              ||    53
       Animate Skeleton  ||     5
  Eat: Chunk             ||     2
Armor: Robe              ||     2
Dodge: Dodged            ||    14

Table legend:
 A = Non-vault XP
 B = Vault XP
 C = Vault XP percentage of total XP
 D = Non-vault monster count
 E = Vault monster count
 F = Vault count percentage of total count
                 A         B        C        D         E       F
            +---------+---------+-------+---------+---------+-------
      Total |      67 |       0 |   0.0 |      27 |       0 |   0.0
            +---------+---------+-------+---------+---------+-------
        D:1 |      50 |       0 |   0.0 |      19 |       0 |   0.0
        D:2 |      17 |       0 |   0.0 |       8 |       0 |   0.0
            +---------+---------+-------+---------+---------+-------
